 Dungeon Crawl Stone Soup version 0.31-a0-1178-gc5c9b8f871 (webtiles) character file.

Game seed: 2574776798356552351

88 qw the Shooter (level 4, 0/30 HPs)
             Began as a Gargoyle Hunter on Dec 11, 2023.
             Slain by a goblin
             ... wielding a +0 dagger
             ... led by Robin
              (5 damage)
             ... on level 3 of the Dungeon.
             The game lasted 00:00:41 (1503 turns).

qw the Shooter (Gargoyle Hunter)                    Turns: 1503, Time: 00:00:41

Health: 0/30       AC: 13    Str: 14    XL:     4   Next: 53%
Magic:  4/4        EV: 11    Int: 10    God:
Gold:   62         SH:  0    Dex: 15    Spells: 3/3 levels left

rFire   . . .        a - +0 shortbow
rCold   . . .        (shield currently unavailable)
rNeg    + . .        c - +0 leather armour
rPois   inf          d - +2 hat
rElec   +            (no cloak)
rCorr   .            e - +2 pair of gloves
SInv    .            (no boots)
Will    .....        (no amulet)
Stlth   ++           (no ring)
HPRegen 0.25/turn    (no ring)
MPRegen 0.09/turn

%: clarity
@: brilliant, flying
A: sickness immunity, AC +3, negative energy resistance 1, electricity
resistance, torment resistance 1, petrification resistance, big wings,
iridescent scales 1, clarity, robust 1
a: no special abilities


You were on level 3 of the Dungeon.
You visited 1 branch of the dungeon, and saw 3 of its levels.

You collected 62 gold pieces.


Innate Abilities, Weirdness & Mutations

You are immune to sickness and miasma.
Your stone body is resilient. (AC +3)
You are immune to poison.
You resist negative energy. (rN+)
You are resistant to electric shocks. (rElec)
You are resistant to unholy torment.
You are immune to petrification.
Your large and strong wings let you fly.
You are partially covered in iridescent scales. (AC +2)
You possess an exceptional clarity of mind.
You are robust. (+10% HP)


   Skills:
 - Level 3.2 Fighting
 + Level 5.3 Ranged Weapons
 - Level 1.5 Dodging
 - Level 1.1 Stealth


You had 3 spell levels left.
You didn't know any spells.
Your spell library was empty.

Inventory:

Hand Weapons
 a - a +0 shortbow (weapon)
Armour
 c - a +0 leather armour (worn)
 d - a +2 hat (worn)
 e - a +2 pair of gloves (worn)
Jewellery
 f - a ring of fire
 h - a ring of fire
Potions
 j - a potion of haste

Dungeon Overview and Level Annotations

Branches:
Dungeon (3/15)

Altars:

Annotations:
D:3 Robin


Message History

The hobgoblin barely misses you. The goblin barely misses you.
The goblin closely misses you. The goblin hits you but does no damage.
1496 ||| DRINKING puce potion.
It was a potion of brilliance.
You feel clever all of a sudden.
The goblin no longer looks unusually strong. x2
The goblin closely misses you.
The hobgoblin hits you but does no damage.
The goblin barely misses you. The goblin hits you but does no damage.
You shoot an arrow. The arrow barely misses the goblin.
The goblin barely misses you. x2; The goblin hits you but does no damage.
The hobgoblin hits you but does no damage.
You shoot an arrow. The arrow closely misses the goblin.
Robin roars a battlecry!
The goblins go into a battle-frenzy!
The goblin hits you but does no damage. The hobgoblin barely misses you.
The goblin closely misses you. The goblin hits you with a +0 dagger.
You shoot an arrow. The arrow hits the goblin.
You kill the goblin!
The goblin no longer looks unusually strong.
The hobgoblin hits you but does no damage.
The goblin barely misses you. The goblin closely misses you.
You shoot an arrow. The arrow closely misses the goblin.
The hobgoblin hits you but does no damage.
The goblin misses you. The goblin hits you with a +0 dagger.
Robin roars a battlecry!
The goblin goes into a battle-frenzy!
The goblin barely misses you.
You shoot an arrow. The arrow closely misses the goblin.
The goblin hits you but does no damage. x2; The hobgoblin closely misses you.
The goblin hits you but does no damage. x2; The goblin barely misses you.
The hobgoblin hits you but does no damage.
The goblin hits you but does no damage.
You shoot an arrow. The arrow closely misses the goblin.
The hobgoblin hits you but does no damage.
The goblin barely misses you. The goblin hits you but does no damage.
The goblin misses you.
You shoot an arrow. The arrow barely misses the goblin.
The hobgoblin barely misses you. The goblin hits you but does no damage.
The goblin hits you with a +0 dagger.
You die...

#....).# #....).###
#.(......# #?.......
#....... #.gg..#
#.ggg.# ##@# #g##
##.## ############.##
#.....).......#...
######.#######.%....#
.......##### #.######
####.......# #.#
#.#####.# #.#


You could see Robin, a hobgoblin (strong) and 4 goblins.

Vanquished Creatures
  A gnoll (D:1)
  An adder (D:2)
  2 orcs (D:3)
  4 ball pythons
  4 endoplasms
  A giant cockroach (D:1)
  9 hobgoblins
  6 jackals (D:1)
  4 kobolds
  3 quokkas
  6 bats
  2 frilled lizards
  8 goblins
  3 rats (D:1)
54 creatures vanquished.

Notes
Turn   | Place    | Note
-------+----------+-------------------------------------------
     0 | D:1      | qw the Gargoyle Hunter began the quest for the Orb.
     0 | D:1      | Reached XP level 1. HP: 12/12 MP: 1/1
     0 | D:1      | 0 ||| qw: Version: 0.3-a-106-g2cfff9e
     0 | D:1      | 0 ||| qw: Game counter: 2052
     0 | D:1      | 0 ||| qw: Melee chars always use a shield: true
     0 | D:1      | 0 ||| qw: God list: Okawaru
     0 | D:1      | 0 ||| qw: Allow faded altars: false
     0 | D:1      | 0 ||| qw: Do Orc after clearing Dungeon:15 true
     0 | D:1      | 0 ||| qw: Do second Lair branch before Depths: true
     0 | D:1      | 0 ||| qw: Lair rune preference: random
     0 | D:1      | 0 ||| qw: Goals: Normal, Save, Zot:1-4, Win
     0 | D:1      | 0 ||| PLANNING D:1-11
   224 | D:1      | Reached XP level 2. HP: 17/17 MP: 2/2
   328 | D:1      | Reached skill level 5 in Ranged Weapons
   328 | D:1      | Reached XP level 3. HP: 19/21 MP: 3/3
   457 | D:1      | Found a faded altar of an unknown god.
   874 | D:1      | 874 ||| UPGRADING to +2 hat.
   879 | D:1      | 879 ||| DROPPING amulet of magic regeneration.
   880 | D:1      | 880 ||| READING scroll labelled LITESO UMUWIC.
   881 | D:1      | 881 ||| READING scroll labelled TONNYSUATUY.
   881 | D:1      | 881 ||| IDENTIFYING glowing silvery potion
   882 | D:1      | 882 ||| READING scroll labelled GIOV ALOADD.
   883 | D:1      | 883 ||| DROPPING scroll of butterflies.
   959 | D:2      | Reached skill level 3 in Fighting
   959 | D:2      | Reached XP level 4. HP: 23/28 MP: 4/4
  1348 | D:2      | 1348 ||| UPGRADING to +2 pair of gloves.
  1380 | D:3      | 1380 ||| STAIRDANCE
  1480 | D:3      | Noticed Robin
  1492 | D:3      | HP: 7/28 [goblin/+0 dagger[Robin] (2)]
  1493 | D:3      | 1493 ||| DRINKING fizzy sapphire potion.
  1495 | D:3      | 1495 ||| DRINKING viscous golden potion.
  1495 | D:3      | Gained mutation: You possess an exceptional clarity of
                  | mind. [potion of mutation]
  1495 | D:3      | Gained mutation: You are partially covered in iridescent
                  | scales. (AC +2) [potion of mutation]
  1495 | D:3      | Gained mutation: You are robust. (+10% HP) [potion of
                  | mutation]
  1495 | D:3      | Gained mutation: Your large and strong wings let you fly.
                  | [potion of mutation]
  1496 | D:3      | 1496 ||| DRINKING puce potion.
  1498 | D:3      | HP: 5/30 [goblin/+0 dagger[Robin] (3)]
  1503 | D:3      | Slain by a goblin

Levels and vault maps discovered:
D:1:      dpeg_arrival_central, layout_basic, ebering_ecumenical_altar_abandoned
D:2:      layout_rooms, hangedman_abyss_or_decor_lesser_grid,
          roderic_roman_lattice
D:3:      layout_loops_ring, uniq_robin, uniq_sigmund, uniq_crazy_yiuf_cottage

Skill      XL: |  1  2  3 |
---------------+----------+-----
Ranged Weapons | 5 |  5.3
Fighting       | 3 |  3.2
Dodging        | |  1.5
Stealth        | |  1.1

Action                     |  1- 3 |  4- 6 || total
---------------------------+-------+-------++-------
   Fire: Shortbow          |   118 |    57 ||   175
    Use: Scroll            |     3 |       ||     3
         Potion            |       |     3 ||     3
 Armour: Leather armour    |    34 |    59 ||    93
  Dodge: Dodged            |    44 |    54 ||    98

Table legend:
 A = Non-vault XP
 B = Vault XP
 C = Vault XP percentage of total XP
 D = Non-vault monster count
 E = Vault monster count
 F = Vault count percentage of total count
                 A         B        C        D         E       F
            +---------+---------+-------+---------+---------+-------
      Total |     114 |      12 |   9.5 |      48 |       6 |  11.1
            +---------+---------+-------+---------+---------+-------
        D:1 |      65 |       0 |   0.0 |      29 |       0 |   0.0
        D:2 |      35 |       0 |   0.0 |      13 |       0 |   0.0
        D:3 |      14 |      12 |  46.2 |       6 |       6 |  50.0
            +---------+---------+-------+---------+---------+-------
